 Dungeon Crawl Stone Soup version 0.25.1-2-g60ff931df9 (webtiles) character file.

Game seed: 17106755068162078001

91 melloss the Sneak (level 4, 0/21 HPs)
             Began as a Spriggan Enchanter on Nov 12, 2020.
             Was a Follower of Trog.
             Succumbed to an adder's poison
             ... on level 2 of the Dungeon.
             The game lasted 00:06:22 (1778 turns).

melloss the Sneak (Spriggan Enchanter)              Turns: 1778, Time: 00:06:22

Health: 0/21       AC:  2    Str:  5    XL:     4   Next: 33%
Magic:  9/9        EV: 18    Int: 16    God:    Trog [*.....]
Gold:   71         SH:  0    Dex: 16    Spells: 7/8 levels left

rFire    . . .     SeeInvis +   a - +1 short sword (venom)
rCold    . . .     Gourm    .   (shield restricted)
rNeg     . . .     Faith    .   b - +0 robe
rPois    .         Spirit   .   (helmet restricted)
rElec    .         Reflect  .   (no cloak)
rCorr    .         Harm     .   (gloves unavailable)
MR       .....                  (boots unavailable)
Stlth    +++.......             (no amulet)
HPRegen  0.07/turn              j - ring of flight
MPRegen  0.11/turn              (no ring)

@: lethally poisoned (0 -> -2), very quick
A: very small, unfitting armour, see invisible, herbivore, speed 3, slow
metabolism 2
a: Berserk, Renounce Religion, Evoke Flight


You were on level 2 of the Dungeon.
You worshipped Trog.
Trog was aware of your devotion.
You were not hungry.

You visited 1 branch of the dungeon, and saw 2 of its levels.

You collected 71 gold pieces.

Inventory:

Hand Weapons
 a - a +1 short sword of venom (weapon)
 e - a +1 dagger
 l - a +0 rapier
Missiles
 f - 41 stones (quivered)
 k - 6 silver boomerangs
Armour
 b - a +0 robe (worn)
Jewellery
 j - a ring of flight (left hand)
Scrolls
 c - 4 scrolls of identify
 g - a scroll of blinking {unknown}
 h - 2 scrolls of fog
Comestibles
 d - 2 rations


   Skills:
 + Level 3.3 Short Blades
 - Level 3.0 Dodging
 + Level 6.5 Stealth
 - Level 2.6 Spellcasting
 - Level 3.6 Hexes


You had 7 spell levels left.
You knew the following spells:

 Your Spells              Type           Power        Failure   Level  Hunger
a - Corona                Hex            ##.....      4%          1    #......

Your spell library contained the following spells:

 Spells                   Type           Power        Failure   Level  Hunger
 Confusing Touch          Hex            ##......     13%         3    ###....
 Tukima's Dance           Hex            ##......     13%         3    ###....
 Ensorcelled Hibernation  Hex/Ice        #.....       14%         2    ##.....
 Dazzling Flash           Conj/Hex       #.....       28%         3    ###....


Dungeon Overview and Level Annotations

Branches:
Dungeon (2/15)

Altars:
Dithmenos
Elyvilon
Trog
Vehumet


Innate Abilities, Weirdness & Mutations

You are very small and have problems with some larger weapons.
You are too small for most types of armour.
You have supernaturally acute eyesight. (SInv)
You are a herbivore.
You cover ground extremely quickly.
You need to consume almost no food.


Message History

You closely miss the adder.
The adder is heavily wounded.
The adder bites you.
You are poisoned.
The adder poisons you! The adder bites you.
* * * LOW HITPOINT WARNING * * *
You barely miss the adder.
The adder is heavily wounded.
* * * LOW HITPOINT WARNING * * *
You feel sick. The adder completely misses you.
You aren't carrying any potions.
* * * LOW HITPOINT WARNING * * *
You feel sick.
You see here a stone.
You see here 11 bolts.
Trog accepts your kill.
You feel a bit more experienced.
* * * LOW HITPOINT WARNING * * *
You feel sick.
You die...

#.##..###.####.#.
#.........[.....
#.##..##.......
#....(.....#.# #
####.S##.....#.#
.# #.(##.....#.#
.# #...........#
###.#
#.###.....#.#
....#
#......@.†..# #..#
#######.#)###
##..#
#....######...# #
#.............####
##...######.†.##..
##.## ##..##.# #.#
#.....# #.#
####...### #..
..........#


There were no monsters in sight!

Vanquished Creatures
  Natasha (D:2)
  2 adders (D:2)
  2 oozes
  A worm (D:2)
  2 dart slugs (D:1)
  3 bats
  3 giant cockroaches
  3 hobgoblins
  A ball python (D:1)
  2 frilled lizards (D:1)
  3 goblins (D:2)
  6 kobolds
  7 rats
36 creatures vanquished.

Notes
Turn   | Place    | Note
-------+----------+-------------------------------------------
     0 | D:1      | melloss the Spriggan Enchanter began the quest for the Orb.
     0 | D:1      | Reached XP level 1. HP: 9/9 MP: 5/5
   238 | D:1      | Reached XP level 2. HP: 9/13 MP: 6/6
   369 | D:1      | Reached skill level 5 in Stealth
  1234 | D:2      | Found a faded altar of an unknown god.
  1234 | D:2      | Found a radiant altar of Vehumet.
  1263 | D:2      | Found a white marble altar of Elyvilon.
  1265 | D:2      | Reached XP level 3. HP: 16/16 MP: 8/8
  1266 | D:2      | Found a faded altar of an unknown god.
  1268 | D:2      | Found a shadowy altar of Dithmenos.
  1312 | D:2      | Became a worshipper of Trog the Wrathful
  1312 | D:2      | Reached * piety under Trog
  1396 | D:2      | Noticed Natasha
  1400 | D:2      | Killed Natasha
  1400 | D:2      | Reached skill level 6 in Stealth
  1417 | D:2      | Reached XP level 4. HP: 21/21 MP: 9/9
  1772 | D:2      | HP: 1/21 [poisoned by an adder]
  1778 | D:2      | Succumbed to an adder's poison

Illustrated notes

Levels and vault maps discovered:
D:1:      grunt_arrival_lava_bath, layout_basic
D:2:      layout_loops_ring, chequers_temple_overflow_minitemple, uniq_natasha

Skill      XL: |  1  2  3 |
---------------+----------+-----
Stealth        | 5 6 |  6.5
Short Blades   | 2 3 |  3.3
Dodging        | |  3.0
Spellcasting   | |  2.6
Hexes          | |  3.6

Action                   |  1- 3 |  4- 6 || total
-------------------------+-------+-------++-------
Melee: Short sword       |    54 |    34 ||    88
       Dagger            |     2 |       ||     2
Throw: Stone             |       |     1 ||     1
  Use: Scroll            |       |     3 ||     3
       Potion            |       |     2 ||     2
 Stab: Sleeping          |     9 |       ||     9
Armor: Robe              |     1 |     5 ||     6
Dodge: Dodged            |    33 |    31 ||    64
